 Dungeon Crawl Stone Soup version bcrawl-1.21.3 (webtiles) character file.

Game seed: 17558636909311828655

39 Flugslaktarn the Sneak (level 3, -1/23 HPs)
             Began as a Skeleton Archaeologist on Mar 30, 2020.
             Slain by a goblin
             ... wielding a +0 club
             ... led by Robin
              (6 damage)
             ... on level 2 of the Dungeon.
             The game lasted 00:00:33 (1589 turns).

Flugslaktarn the Sneak (Skeleton Archaeologist)     Turns: 1589, Time: 00:00:33

Health: -1/23      AC:  6    Str: 16 (18) XL:     3   Next: 26%
Magic:  0/3        EV: 12    Int: 12      God:
Gold:   83         SH:  0    Dex:  6 (10) Spells: 2/2 levels left

rFire    . . .     SeeInvis .   a - +0 whip
rCold    + . .     Gourm    .   (no shield)
rNeg     + + +     Faith    .   b - +1 robe
rPois    ∞         Spirit   +   c - +1 hat
rElec    .         Reflect  .   (no cloak)
rCorr    .         Harm     .   (no gloves)
MR       .....                  d - +1 pair of boots
Stlth    ++++......             (no amulet)
HPRegen  0.07/turn              i - +3 ring of dexterity
MPRegen  0.08/turn              g - ring of stealth

@: no status effects
A: no food or potions, cold resistance 1, deterioration 1, negative energy
resistance 3, torment resistance, unbreathing, magic shield, sturdy frame 1,
spell healing
a: no special abilities


You were on level 2 of the Dungeon.
You were not hungry.

You visited 1 branch of the dungeon, and saw 2 of its levels.

You collected 83 gold pieces.

Inventory:

Hand Weapons
 a - a +0 whip (weapon)
Armour
 b - a +1 robe (worn)
 c - a +1 hat (worn)
 d - a +1 pair of boots (worn)
Jewellery
 g - a ring of stealth (right hand)
   (You found it on level 1 of the Dungeon)
 i - a +3 ring of dexterity (left hand)
   (You found it on level 1 of the Dungeon)
Scrolls
 e - a scroll of magic mapping
 h - a scroll of amnesia {unknown}
 j - 2 scrolls of identify {unknown}
 k - a scroll of blinking {unknown}
Miscellaneous
 f - a dusty tome


   Skills:
 + Level 3.2 Fighting
 - Level 1.2 Maces & Flails
 - Level 3.0 Dodging
 - Level 3.6 Stealth


You had 2 spell levels left.
You didn't know any spells.
Your spell library was empty.

Dungeon Overview and Level Annotations

Branches:
Dungeon (2/12)

Altars:

Annotations:
D:2 Robin


Innate Abilities, Weirdness & Mutations

You do not eat or drink.
You are immune to poison.
Your flesh is cold resistant. (rC+)
Your body sometimes deteriorates upon taking damage.
You are immune to negative energy. (rN+++)
You are immune to unholy pain and torment.
You can survive without breathing.
When hurt, damage is shared between your health and your magic reserves.
Your movements are slightly less encumbered by armour. (ER -2)
Casting spells heals you.


Message History

The goblin hits you with a +0 club.
* * * LOW HITPOINT WARNING * * *
The goblin barely misses you.
You are too injured to fight recklessly!
You are too injured to fight recklessly!
You are too injured to fight recklessly!
You are too injured to fight recklessly!
You are too injured to fight recklessly!
You are too injured to fight recklessly!
You are too injured to fight recklessly!
You are too injured to fight recklessly!
You are too injured to fight recklessly!
You are too injured to fight recklessly!
You are too injured to fight recklessly!
Unknown command.
You barely miss the goblin. The goblin closely misses you. x2
The goblin completely misses you.
You closely miss the goblin. The goblin closely misses you.
The goblin barely misses you. The goblin hits you with a +0 club.
You die...

#...##..............
##..###.###.#...#.##
#..###.# #.......#
#..(...# #.#...#.#
#.###### #.......#
#.# ####.#### #.##
#.# #gg# +# ##@# #g#


#gg #Jgg gg... #g..## ...## #..# You could see Robin, an ooze, 4 hobgoblins and
5 goblins.

Vanquished Creatures
  An ooze (D:1)
  A dart slug (D:1)
  3 leopard geckos
  5 bats
  2 giant cockroaches (D:1)
  4 hobgoblins
  3 kobolds
  A frilled lizard (D:2)
  5 goblins
  A rat (D:1)
26 creatures vanquished.

Notes
Turn   | Place    | Note
-------+----------+-------------------------------------------
     0 | D:1      | Flugslaktarn the Skeleton Archaeologist began the quest for
                  | the Orb.
     0 | D:1      | Reached XP level 1. HP: 12/12 MP: 1/1
   393 | D:1      | Reached XP level 2. HP: 17/17 MP: 2/2
   811 | D:1      | Reached XP level 3. HP: 18/23 MP: 3/3
  1258 | D:2      | HP: 1/23 [worm (7)]
  1582 | D:2      | Noticed Robin
  1589 | D:2      | Slain by a goblin

Skill      XL: |  1  2 |
---------------+-------+-----
Fighting       | 2 3 |  3.2
Maces & Flails | |  1.2
Dodging        | |  3.0
Stealth        | |  3.6

Action                   || total
-------------------------++-------
Melee: Whip              ||   126
 Stab: Sleeping          ||     5
Armor: Robe              ||    41
Dodge: Dodged            ||   100
